 Dungeon Sprint DCSS version 0.24-a0-416-g56ce517 (webtiles) character file.

Game seed: 8118355241919778428

28 schets the Skirmisher (level 3, 0/42 HPs)
             Began as an Ogre Hunter on June 10, 2019.
             Slain by a human (6 damage)
             ... in the Dungeon (Sprint III: "The Ten Rune Challenge").
             The game lasted 00:00:31 (207 turns).

schets the Skirmisher (Ogre Hunter)                  Turns: 207, Time: 00:00:32

Health: 0/42       AC:  3    Str: 17    XL:     3   Next: 12%
Magic:  3/3        EV: 10    Int: 12    God:
Gold:   18         SH:  0    Dex:  9    Spells: 2/2 levels left

rFire    . . .     SeeInvis .   a - +0 short sword
rCold    . . .     Gourm    .   (no shield)
rNeg     . . .     Faith    .   b - +0 robe
rPois    .         Spirit   .   (helmet restricted)
rElec    .         Reflect  .   (no cloak)
rCorr    .         Harm     .   (gloves unavailable)
MR       .....     NoTele   +   (boots unavailable)
Stlth    +.........             (no amulet)
HPRegen  0.14/turn              (no ring)
MPRegen  0.08/turn              (no ring)

@: no status effects
A: large, unfitting armour, tough skin 1
a: no special abilities


You were in the Dungeon.
You were not hungry.

You visited 1 branch You collected 18 gold pieces.

Inventory:

Hand Weapons
 a - a +0 short sword (weapon)
Missiles
 d - a throwing net (quivered)
Armour
 b - a +0 robe (worn)
Scrolls
 k - a scroll of blinking
Potions
 e - a potion of curing
 g - a potion of heal wounds
 h - a potion of haste
 i - 2 potions of magic
 j - a potion of berserk rage
 m - a potion of cancellation {unknown}
Comestibles
 f - a ration
 l - 2 chunks of flesh


   Skills:
 * Level 5.6 Fighting
 + Level 4.7 Throwing
 + Level 1.9 Armour
 + Level 2.9 Dodging
 - Level 0.6 Stealth


You had 2 spell levels left.
You didn't know any spells.
Your spell library was empty.

Dungeon Overview and Level Annotations

Branches:
Dungeon (1/1)

Altars:


Innate Abilities, Weirdness & Mutations

You are too large for most types of armour.
You have tough skin. (AC +1)


Message History

You hit the human but do no damage.
The human is almost dead.
The human hits you but does no damage.
You hit the human but do no damage.
The human is almost dead.
The human barely misses you.
You barely miss the human.
The human is almost dead.
The human hits you.
You closely miss the human.
The human is almost dead.
The human misses you.
You barely miss the human.
The human is almost dead.
The human hits you!
* * * LOW HITPOINT WARNING * * *
You hit the human.
The human is almost dead.
The human hits you.
You die...

▓..##.......#
▓##.##.##...# .#
##.##.###..# .(#
▓#.####.##).# ...+
▓.###÷.##..##
#(..# ▓#...÷.##..#
#....#
###..##...##.....#
##..##....#ps....#
#..###..##@# #..#
#..#### ▓▓▓▓ ▓▓▓▓


You could see a human and a scorpion.

Vanquished Creatures
  Jessica (D)
  3 rats (D)
4 creatures vanquished.

Vanquished Creatures (others)
  2 draconian scorchers (D)
  3 hellions (D)
  A yaktaur (D)
  3 plants (D)
9 creatures vanquished.

Grand Total: 13 creatures vanquished

Notes
Turn   | Place    | Note
-------+----------+-------------------------------------------
     0 | D        | schets the Ogre Hunter began the quest for the Orb.
     0 | D        | Reached XP level 1. HP: 22/22 MP: 1/1
    11 | D        | Reached skill level 3 in Fighting
    31 | D        | Killed a yaktaur
    49 | D        | Noticed Jessica
    54 | D        | Killed Jessica
    54 | D        | Reached skill level 5 in Fighting
    54 | D        | Reached skill level 1 in Armour
    54 | D        | Reached XP level 2. HP: 15/35 MP: 2/2
    54 | D        | Reached XP level 3. HP: 18/42 MP: 3/3
    92 | D        | Killed a hellion
    94 | D        | Killed a hellion
   147 | D        | Killed a white draconian scorcher
   159 | D        | Killed a white draconian scorcher
   191 | D        | Killed a hellion
   197 | D        | Noticed a scorpion
   207 | D        | Slain by a human

Levels and vault maps discovered:
D:        dungeon_sprint_mu [sprint_mu_entry_cave, sprint_mu_temple_rooms,
          sprint_mu_d1_spiders, sprint_mu_d2_genie, sprint_mu_d3_branching,
          sprint_mu_orc_legion, sprint_mu_elf_gauntlet, sprint_mu_hive_nellie,
          sprint_mu_lair_fedhas, sprint_mu_vaults_butterflies,
          sprint_mu_slime_circle, sprint_mu_swamp_cave, sprint_mu_shoals_archi,
          sprint_mu_blade_basic, sprint_mu_crypt_chambers,
          sprint_mu_tomb_spiral, sprint_mu_vestibule_basic,
          sprint_mu_gehenna_hellfire, sprint_mu_dis_giant,
          sprint_mu_tartarus_statrot, sprint_mu_cocytus_islands, sprint_mu_zot1]

Skill      XL: |  1 |
---------------+----+-----
Fighting       | 5 |  5.6
Dodging        | 2 |  2.9
Armour         | 1 |  1.9
Throwing       | |  4.7
Stealth        | |  0.6

Action                   || total
-------------------------++-------
Melee: Short sword       ||    15
Throw: Large rock        ||     9
       Throwing net      ||     1
Armor: Robe              ||     5
Dodge: Dodged            ||    11

Table legend:
 A = Non-vault XP
 B = Vault XP
 C = Vault XP percentage of total XP
 D = Non-vault monster count
 E = Vault monster count
 F = Vault count percentage of total count
                 A         B        C        D         E       F
            +---------+---------+-------+---------+---------+-------
      Total |       0 |      40 | 100.0 |       0 |       4 | 100.0
            +---------+---------+-------+---------+---------+-------
          D |       0 |      40 | 100.0 |       0 |       4 | 100.0
            +---------+---------+-------+---------+---------+-------
